 Dungeon Crawl Stone Soup version 0.30.1-11-g7821555f0a (webtiles) character file.

Game seed: 639562693287820411

165 andronian the Chopper (level 5, 0/41 HPs)
             Began as a Demonspawn Gladiator on Nov 28, 2023.
             Slain by a jelly (2 damage)
             ... on level 3 of the Dungeon.
             The game lasted 00:03:05 (1552 turns).

andronian the Chopper (Demonspawn Gladiator)        Turns: 1552, Time: 00:03:06

Health: 0/41       AC:  5    Str: 17    XL:     5   Next: 21%
Magic:  5/5        EV:  8    Int:  9    God:
Gold:   98         SH:  0    Dex: 14    Spells: 4/4 levels left

rFire   . . .        a - +0 war axe
rCold   . . .        (no shield)
rNeg    . . .        i - +0 chain mail
rPois   .            c - +0 helmet
rElec   .            (no cloak)
rCorr   .            (no gloves)
SInv    .            (no boots)
Will    .....        (no amulet) Stlth
                     (no ring)
HPRegen 0.26/turn    (no ring)
MPRegen 0.09/turn

%: no passive effects
@: corroded
A: powered by death 1
a: no special abilities


You were on level 3 of the Dungeon.
You visited 1 branch of the dungeon, and saw 3 of its levels.

You collected 98 gold pieces.

Inventory:

Hand Weapons
 a - a +0 war axe (weapon)
Missiles
 d - 3 throwing nets (quivered)
 e - a javelin
 j - 5 boomerangs
Armour
 b - a +0 leather armour
 c - a +0 helmet (worn)
 i - a +0 chain mail (worn)
Jewellery
 l - a ring of protection from cold
Scrolls
 h - a scroll of fear {unknown}
 k - a scroll of identify {unknown}
 n - a scroll of fog {unknown}
 o - 2 scrolls of teleportation {unknown}
 p - a scroll of amnesia {unknown}
Potions
 f - a potion of heal wounds {unknown}
 m - a potion of might {unknown}


   Skills:
 + Level 3.4 Fighting
 * Level 4.7 Axes
 - Level 1.7 Throwing
 - Level 2.6 Dodging


You had 4 spell levels left.
You didn't know any spells.
Your spell library was empty.

Dungeon Overview and Level Annotations

Branches:
Dungeon (3/15)

Altars:

Shops:
D:1 [

Annotations:
D:3 1 runed translucent door, chicagocrazy's ghost, amateur DsFi


Innate Abilities, Weirdness & Mutations

You regenerate a little health from kills.


Message History

No target in view!
No target in view!
You now have 98 gold pieces (gained 14).
j - 5 boomerangs (gained 2)
The adder hisses angrily.
An endoplasm comes into view.
An endoplasm is nearby!
Found a twisted coral ring.
A jelly comes into view.
The jelly jiggles.
The jelly hits you but does no damage.
The endoplasm hits you but does no damage.
You hit the jelly.
Your hands burn!
The jelly is moderately wounded.
You hit the endoplasm. The endoplasm hits you.
The jelly hits you but does no damage. The jelly attacks as you move away!
The jelly closely misses you. The jelly attacks as you move away!
The jelly hits you but does no damage.
You hit the endoplasm.
You kill the endoplasm!
You hit the jelly but do no damage.
Your hands burn!
The jelly is lightly wounded.
The jelly hits you.
You are splashed with acid!
The jelly hits you.
You are splashed with acid.
You hit the jelly.
Your hands burn!
The jelly is heavily wounded.
The jelly hits you but does no damage.
You hit the jelly.
Your hands burn!
* * * LOW HITPOINT WARNING * * *
The jelly is severely wounded.
The jelly hits you but does no damage.
You hit the jelly.
Your hands burn!
* * * LOW HITPOINT WARNING * * *
The jelly is almost dead.
The jelly hits you but does no damage.
You hit the jelly. The acid corrodes you!
Your hands burn!
* * * LOW HITPOINT WARNING * * *
The jelly is almost dead.
The jelly hits you.
You die...

#.###. ###### ......##
##....# ###=.#... .....#
........## #....#### ..
..........## #.......###.
.......#..# #.....#.#..
###.#...##.###.....#.#.##
........J@............>..
##.#...###.##.....#.#.##
#............#.#.#..#.
#...#...#.......<.....
#.#.##+##.######.#....
....#~W~#.# #......
##.###~~~#. #.#..## #
#~~~#. #....# ~# ##.....


You could see a jelly.

Vanquished Creatures
  An orc priest (D:2)
  An orc wizard (D:2)
  4 adders (D:2)
  A worm (D:2)
  3 dart slugs (D:2)
  3 orcs (D:2)
  8 ball pythons
  5 endoplasms
  5 giant cockroaches
  9 goblins
  3 hobgoblins
  2 jackals (D:1)
  4 kobolds
  A quokka (D:1)
  6 bats
  2 frilled lizards
58 creatures vanquished.

Notes
Turn   | Place    | Note
-------+----------+-------------------------------------------
     0 | D:1      | andronian the Demonspawn Gladiator began the quest for the
                  | Orb.
     0 | D:1      | Reached XP level 1. HP: 16/16 MP: 1/1
   106 | D:1      | Reached skill level 3 in Axes
   124 | D:1      | Found Marear's Antique Armour Boutique.
   177 | D:1      | Gained mutation: You regenerate a little health from kills.
                  | [demonic ancestry]
   177 | D:1      | Reached XP level 2. HP: 22/22 MP: 2/2
   309 | D:1      | Reached XP level 3. HP: 28/28 MP: 3/3
   472 | D:2      | Identified the +5 dagger "Fish" {spect, Fragile +Blink
                  | rElec Str+4}
   603 | D:2      | Reached skill level 4 in Axes
   603 | D:2      | Reached XP level 4. HP: 34/34 MP: 4/4
   716 | D:2      | Reached XP level 5. HP: 41/41 MP: 5/5
  1530 | D:3      | Found a runed translucent door.
  1539 | D:3      | Noticed chicagocrazy's ghost (amateur DsFi)
  1552 | D:3      | HP: 2/41 [acid (5)]
  1552 | D:3      | Slain by a jelly

Illustrated notes

Levels and vault maps discovered:
D:1:      nicolae_arrival_memento_mori, layout_loops_ring, serial_shops, shop,
          minmay_pentomino_w2
D:2:      layout_basic, chequers_serial_rivers_micro_d
D:3:      layout_basic, overflow_temple_1_default, ebering_ghost_sewer_f,
          serial_undead, serial_undead_c, serial_undead_a, serial_undead_c,
          serial_undead_f, serial_undead_c, uniq_ijyb

Skill      XL: |  1  2  3  4 |
---------------+-------------+-----
Axes           | 3 4 |  4.7
Fighting       | 3 |  3.4
Throwing       | |  1.7
Dodging        | |  2.6

Action                     |  1- 3 |  4- 6 || total
---------------------------+-------+-------++-------
  Melee: War axe           |    87 |    56 ||   143
         Punch             |     1 |       ||     1
    Use: Scroll            |       |     1 ||     1
   Stab: Sleeping          |     1 |       ||     1
 Armour: Leather armour    |     2 |       ||     2
         Chain mail        |    56 |    39 ||    95
  Dodge: Dodged            |    37 |    24 ||    61
